Cogmind - Beta 14 @@@ ROGUE MODE // 2024.08.08 @ 16:55:36 Player: Sgt. SmokeWeed Result: Destroyed by Y-45 Defender with Beam Rifle Performance ------------- Evolutions (0) 0 Regions Visited (4) 800 Robots Destroyed (24) 120 Value Destroyed (552) 552 Prototype IDs (0) 0 Alien Tech Used (0) 0 Bonus (30) 30 TOTAL SCORE: 1502 Bonus ------- Follower Combat Kills 30 Cogmind --------- Core Integrity 0/250 Matter 270/300 Energy 100/100 System Corruption 0% Temperature Cool (27) Movement Treading (160) Location -9/Recycling Parts ------- > --- POWER (1) -------- Subdweller Power Source > --- PROPULSION (2) --- Light Treads Subdweller Monowheel > --- UTILITY (2) ------ Targeting Computer > --- WEAPON (2) ------- Heavy Assault Rifle Subdweller Machine Gun > --- INVENTORY (5) ---- Hardened Light Armor Plating Hardened Light Armor Plating Hardened Light Armor Plating Subdweller Beam Cannon Subdweller Machine Gun Peak State ------------ > --- POWER ------------ Subdweller Power Source > --- PROPULSION ------- Light Treads Subdweller Monowheel > --- UTILITY ---------- Targeting Computer Hardened Light Armor Plating > --- WEAPON ----------- Subdweller Beam Cannon Subdweller Machine Gun > --- INVENTORY -------- Hardened Light Armor Plating Hardened Light Armor Plating Hardened Light Armor Plating Heavy Assault Rifle Heavy Assault Rifle [Rating: 13] Favorites ----------- Power Ion Engine Engine Ion Engine Propulsion Light Treads Treads Light Treads Wheel Subdweller Monowheel Utility Targeting Computer Processor Targeting Computer Protection Hardened Light Armor Plating Weapon Heavy Assault Rifle Energy Cannon Subdweller Beam Cannon Ballistic Gun Heavy Assault Rifle Build | -11 -10 -10 -10 -9 ------- Run | Yrd Mat Min Sub Rec Slots Evolved . | . . . . . Power . | . . . . . Propulsion . | . . . . . Utility . | . . . . . Weapon . | . . . . . Parts Attached 17 | 5 4 . 6 2 Power 2 | 1 . . 1 . Engine 2 | 1 . . 1 . Core . | . . . . . Reactor . | . . . . . Propulsion 5 | 2 . . 2 1 Treads 4 | 2 . . 1 1 Leg . | . . . . . Wheel 1 | . . . 1 . Hover . | . . . . . Flight . | . . . . . Utility 2 | . 2 . . . Device . | . . . . . Storage . | . . . . . Processor 1 | . 1 . . . Hackware . | . . . . . Protection 1 | . 1 . . . Artifact . | . . . . . Weapon 8 | 2 2 . 3 1 Energy Gun . | . . . . . Energy Cannon 1 | . . . 1 . Ballistic Gun 7 | 2 2 . 2 1 Ballistic Cannon . | . . . . . Launcher . | . . . . . Special Weapon . | . . . . . Impact Weapon . | . . . . . Slashing Weapon . | . . . . . Piercing Weapon . | . . . . . Special Melee Weapon . | . . . . . Unidentified Prototypes . | . . . . . Parts Lost 3 | . . . 3 . Power . | . . . . . Propulsion 2 | . . . 2 . Utility 1 | . . . 1 . Weapon . | . . . . . Highest Loss Streak 2 | . . . 2 . To Critical Strikes . | . . . . . Average Slot Usage (%) 95 | . 94 100 96 83 Engine 14 | . 14 14 14 14 Treads 24 | . 28 28 22 12 Wheel 2 | . . . 2 14 Processor 13 | . 12 14 14 14 Protection 11 | . 10 14 13 . Energy Cannon 1 | . . . 4 . Ballistic Gun 26 | . 28 28 23 28 Peak Build Rating 13 | 5 11 11 13 11 Average Rating 10 | 3 9 11 10 10 On Entrance 7 | . 5 11 11 10 Naked Turns . | . . . . . Heaviest Build 22 | 9 16 16 22 13 Greatest Support 40 | 40 40 40 40 20 Greatest Overweight (x) 1 | . . . 1 . Average Overweight (x) . | . . . . . Largest Inventory Capacity 5 | 5 5 5 5 5 Average Capacity 5 | 5 5 5 5 5 Most Carried 5 | . 5 5 5 5 Average Carried 4 | . 3 5 4 5 Final Capacity 5 | 5 5 5 5 5 Final Carried 5 | . 5 5 5 5 Class Distribution -------------------- 92% | Mutant 7% | Scavenger-Mutant Dominant Class ---------------- Mutant | -10/Materials Mutant | -10/Mines Mutant | -10/Subcaves Scavenger-Mutant | -9/Recycling Resources | -11 -10 -10 -10 -9 ----------- Run | Yrd Mat Min Sub Rec Matter Collected 619 | 241 207 . 130 41 Remotely . | . . . . . Salvage Created 639 | . 355 . 187 97 Parts 43 | . 23 . 15 5 Haulers Intercepted . | . . . . . Recyclers Shooed . | . . . . . Parts Field Recycled . | . . . . . Retrieved Matter . | . . . . . Parts Self-Destructed 5 | . . . 5 . Prevented . | . . . . . Kills | -11 -10 -10 -10 -9 ------- Run | Yrd Mat Min Sub Rec Combat Hostiles Destroyed 19 | . 10 . 7 2 Guns 15 | . 10 . 3 2 Cannons 4 | . . . 4 . Classes Destroyed 7 | . 4 . 2 1 Worker 1 | . 1 . . . Turret 2 | . . . 2 . Watcher 2 | . 2 . . . Swarmer 10 | . 6 . 4 . Grunt 4 | . 4 . . . Sentry 2 | . . . . 2 Subdweller 3 | . . . 3 . Best Kill Streak 5 | . 5 . 4 1 Combat Bots Only 5 | . 5 . 4 1 Max Kills in Single Turn 1 | . 1 . 1 1 Gunslinging . | . . . . . Exploded . | . . . . . Melee . | . . . . . Uniques/NPCs Destroyed . | . . . . . Combat | -11 -10 -10 -10 -9 -------- Run | Yrd Mat Min Sub Rec Hostile Shots Fired 173 | . 58 . 104 11 Missed 54 | . 13 . 37 4 Damage Taken 1137 | . 438 . 591 108 Core 257 | . 68 . 162 27 Absorbed by Shields . | . . . . . Core Remaining (%) 100 | 100 . . . . Volleys Fired 71 | . 29 . 34 8 Largest 2 | . 2 . 2 2 Hottest 110 | . 46 . 110 53 Shots Fired 137 | . 58 . 63 16 Gun 118 | . 58 . 44 16 Cannon 19 | . . . 19 . Launcher . | . . . . . Special . | . . . . . Kinetic 118 | . 58 . 44 16 Thermal 19 | . . . 19 . Explosive . | . . . . . Electromagnetic . | . . . . . Robot Hit Streak 16 | . 8 . 16 14 Robot Miss Streak 5 | . 4 . 5 1 Penetration Max . | . . . . . Secondary Targets 2 | . 2 . . . Max Gunslinging Chain 1 | . 1 . . . Shots Hit Robots 85 | . 33 . 38 14 Core Hits 34 | . 17 . 13 4 Critical Kills . | . . . . . Critical Parts Destroyed 1 | . 1 . . . Critical Strikes 1 | . 1 . . . Destroy 1 | . 1 . . . Melee Attacks . | . . . . . Impact . | . . . . . Slashing . | . . . . . Piercing . | . . . . . Sneak Attacks . | . . . . . Combat Hostiles . | . . . . . Follow-up Attacks . | . . . . . Damage Inflicted 1641 | 1 500 5 871 264 Guns 1300 | . 491 . 545 264 Cannons 326 | . . . 326 . Explosions . | . . . . . Melee . | . . . . . Ramming 15 | 1 9 5 . . Kinetic 1300 | . 491 . 545 264 Thermal 326 | . . . 326 . Explosive . | . . . . . Electromagnetic . | . . . . . Impact . | . . . . . Slashing . | . . . . . Piercing . | . . . . . Highest Corruption . | . . . . . Average Corruption . | . . . . . Corruption Purged . | . . . . . Corruption Blocked . | . . . . . Overload Shots . | . . . . . Overflow Damage 13 | . . . 13 . Projectiles 13 | . . . 13 . Explosions . | . . . . . Melee . | . . . . . Knockbacks . | . . . . . Impact . | . . . . . Kinetic . | . . . . . Secondary . | . . . . . Self-Inflicted Damage . | . . . . . Shots . | . . . . . Rammed 6 | 2 3 1 . . Targets Rammed 6 | 2 3 1 . . Kicked . | . . . . . Crushed . | . . . . . Highest Temperature 36 | . 36 . 33 6 Average Temperature 12 | . 15 . 11 3 Received Heat Transfer 402 | . 108 . 249 45 Siege Activations . | . . . . . Robots Corrupted . | . . . . . Combat Hostiles . | . . . . . Parts Fried . | . . . . . Impact Corruptions . | . . . . . Robots Melted . | . . . . . Combat Hostiles . | . . . . . Parts Melted . | . . . . . Heat Transferred 444 | . . . 444 . Parts Sabotaged . | . . . . . Parts Stolen . | . . . . . Parts Stripped . | . . . . . Power Chain Reactions . | . . . . . Alert | -11 -10 -10 -10 -9 ------- Run | Yrd Mat Min Sub Rec Peak Influence 129 | . 129 46 . 91 Initial 46 | . . 46 . 45 Average 32 | . 28 27 . 66 Maximum Alert Level . | . . . . . Low Security (%) 100 | 100 100 100 . 100 Level 1 . | . . . . . Level 2 . | . . . . . Level 3 . | . . . . . Level 4 . | . . . . . Level 5 . | . . . . . High Security . | . . . . . Max Security . | . . . . . Squads Dispatched . | . . . . . Investigation . | . . . . . Extermination . | . . . . . Reinforcement . | . . . . . Assault . | . . . . . Garrison . | . . . . . Intercept . | . . . . . Searches Triggered . | . . . . . Construction Impeded . | . . . . . Haulers Reinforced . | . . . . . Active Scanning Responses . | . . . . . Cargo Convoy Interrupts . | . . . . . Stealth | -11 -10 -10 -10 -9 --------- Run | Yrd Mat Min Sub Rec Distress Signals 1 | . 1 . . . Communications Jammed . | . . . . . Distress Signals . | . . . . . Times Spotted 28 | . 14 . 12 2 Peak Tracking Total 6 | . 5 . 6 1 Tactical Retreats 4 | . . . 4 . Traps | -11 -10 -10 -10 -9 ------- Run | Yrd Mat Min Sub Rec Traps Triggered . | . . . . . Indirectly . | . . . . . Trap Hack Attempts . | . . . . . Triggered . | . . . . . Disarmed . | . . . . . Reprogrammed . | . . . . . Reused . | . . . . . Traps Extracted . | . . . . . Installed . | . . . . . Triggered . | . . . . . Machines | -11 -10 -10 -10 -9 ---------- Run | Yrd Mat Min Sub Rec Machines Disabled 2 | . . . 2 . Max in Single Turn 1 | . . . 1 . Machines Repaired . | . . . . . Machines Dismantled . | . . . . . Machines Sabotaged . | . . . . . Overloaded Fab Kills . | . . . . . Hacking | -11 -10 -10 -10 -9 --------- Run | Yrd Mat Min Sub Rec Machines Accessed 3 | . 1 . . 2 Terminals 3 | . 1 . . 2 Fabricators . | . . . . . Repair Stations . | . . . . . Recycling Units . | . . . . . Scanalyzers . | . . . . . Garrison Access . | . . . . . Total Hacks 6 | . 2 . . 4 Successful 3 | . 1 . . 2 Failed 3 | . 1 . . 2 Catastrophic . | . . . . . Database Lockouts . | . . . . . Manual 4 | . . . . 4 Terminals 6 | . 2 . . 4 Fabricators . | . . . . . Repair Stations . | . . . . . Recycling Units . | . . . . . Scanalyzers . | . . . . . Garrison Access . | . . . . . Terminal Hacks 3 | . 1 . . 2 Zone Layout 3 | . 1 . . 2 Fabricator Hacks . | . . . . . Repair Station Hacks . | . . . . . Recycling Unit Hacks . | . . . . . Scanalyzer . | . . . . . Garrison Access Hacks . | . . . . . Unauthorized Hacks . | . . . . . Terminals . | . . . . . Fabricators . | . . . . . Repair Stations . | . . . . . Recycling Units . | . . . . . Scanalyzers . | . . . . . Garrison Access . | . . . . . Data Cores Recovered . | . . . . . Used . | . . . . . Hacking Detections 1 | . . . . 1 Full Trace Events . | . . . . . Feedback Events . | . . . . . Feedback Blocked . | . . . . . Robot Schematics Acquired . | . . . . . Robots Built . | . . . . . Authchips . | . . . . . Time . | . . . . . Total Robot Build Rating . | . . . . . Part Schematics Acquired . | . . . . . Parts Built . | . . . . . Authchips . | . . . . . Time . | . . . . . Total Part Build Rating . | . . . . . Parts Repaired . | . . . . . Time . | . . . . . Parts Recycled . | . . . . . Recycled Matter . | . . . . . Retrieved Matter . | . . . . . Retrieved Components . | . . . . . Parts Scanalyzed . | . . . . . Part Schematics Acquired . | . . . . . Parts Damaged . | . . . . . Bothacking | -11 -10 -10 -10 -9 ------------ Run | Yrd Mat Min Sub Rec Used RIF Installer . | . . . . . Robots Hacked . | . . . . . Non-combat . | . . . . . Combat . | . . . . . Robot Hacks Applied . | . . . . . Relay Couplers Released . | . . . . . Fabnet Peak Effective % . | . . . . . Robots Rewired . | . . . . . Allies Hacked . | . . . . . Hacks Repelled . | . . . . . Allies | -11 -10 -10 -10 -9 -------- Run | Yrd Mat Min Sub Rec Total Allies 3 | . . 3 . . Largest Group 3 | . . 3 3 . Highest-Rated Group 40 | . . 40 40 . Highest-Rated Ally 16 | . . 16 16 . Total Orders . | . . . . . Ally Attacks 7 | . . . 7 . Total Damage 99 | . . . 99 . Kills 1 | . . . 1 . Allies Corrupted . | . . . . . Allies Melted 1 | . . . 1 . Intel | -11 -10 -10 -10 -9 ------- Run | Yrd Mat Min Sub Rec Robot Analysis Total . | . . . . . Derelict Logs Recovered 3 | . . 2 1 . Drone Launches . | . . . . . Drone Recoveries . | . . . . . Exploration | -11 -10 -10 -10 -9 ------------- Run | Yrd Mat Min Sub Rec Turns Passed 2384 | 60 496 659 951 218 Spaces Moved 1100 | 32 223 209 511 125 Core 1 | 1 . . . . Treads 997 | 31 223 209 425 109 Legs . | . . . . . Wheels 102 | . . . 86 16 Hover . | . . . . . Flight . | . . . . . Fastest Speed 50 | 50 160 160 110 110 Average Speed 159 | 156 160 160 160 153 Slowest Speed 240 | 160 160 160 240 160 Overloaded Moves . | . . . . . Propulsion Burnouts . | . . . . . Robots Hopped . | . . . . . Cave-ins Triggered . | . . . . . Exploration Rate (%) 30 | 4 35 63 23 27 Regions Visited 4 Branch Regions 3 Pre-discovered Areas 1 | . . 1 . . Known Exits Taken 1 | . . 1 . . Unknown Exits Taken 3 | 1 1 . 1 . Scrap Searched 2 | . . . 2 . Spaces Dug 3 | . . . 3 . Terrain Destroyed 4 | . . . 4 . Melee . | . . . . . Projectile 4 | . . . 4 . AOE . | . . . . . Terrain Rammed . | . . . . . Walls Destroyed . | . . . . . Machines Disabled . | . . . . . Actions | -11 -10 -10 -10 -9 --------- Run | Yrd Mat Min Sub Rec Total 1584 | 38 302 533 576 135 Wait 381 | . 37 324 20 . Move 1096 | 31 222 208 510 125 Hop . | . . . . . Pick Up 6 | . 5 . 1 . Fast Attach 11 | 5 2 . 3 1 Attach . | . . . . . Detach . | . . . . . Swap 6 | . 2 . 3 1 Drop 7 | . 2 . 5 . Fire 71 | . 29 . 34 8 Melee . | . . . . . Ram . | . . . . . Kick . | . . . . . Crush 6 | 2 3 1 . . Escape Stasis . | . . . . . Rewire . | . . . . . Trap . | . . . . . Miscellaneous . | . . . . . Route ------- -11/Scrapyard -10/Materials -10/Mines (discovered 2 exits: [*Mat] / *Sub) -10/Subcaves (discovered 2 exits: [*Mat] / *Rec) -9/Recycling History --------- Turn | Location | Event 24 | -11/Scrapyard | Discovered new exit (range 14) 61 | -11/Scrapyard | Entered Materials 260 | -10/Materials | Discovered new exit (range 7) 304 | -10/Materials | Build established: Mutant 557 | -10/Materials | Entered Mines 615 | -10/Mines | Assisted by bots powering up and referring to "LRC-V3" 701 | -10/Mines | Found a damaged Exp. Sensor Array with a note attached 783 | -10/Mines | Identified exit to Subcaves 855 | -10/Mines | Discovered new exit (range 11) 1216 | -10/Mines | Entered Subcaves 1216 | -10/Subcaves | Accompanied by 3 allies 1287 | -10/Subcaves | Learned Materials interactive machine intel 1708 | -10/Subcaves | Discovered new exit (range 13) 1860 | -10/Subcaves | Core integrity fell below 50% 2078 | -10/Subcaves | Ambushed by Subdweller buried in earth 2116 | -10/Subcaves | Discovered new exit (range 10) 2148 | -10/Subcaves | Core integrity fell below 20% 2167 | -10/Subcaves | Entered Recycling 2385 | -9/Recycling | Destroyed by Y-45 Defender with Beam Rifle Last Messages --------------- Y-45 Defender destroyed. Acquired 41 matter. Acquired Lgt. Treads. Connecting with Terminal... Current location identified: Recycling >>Layout(Zone) Retrieving Zone 4H layout... Downloaded map data. Sub. Power Source shoots sparks and powers down. Connecting with Terminal... >>Layout(Zone) Retrieving Zone 1D layout... Downloaded map data. Connecting with Terminal... Y-45 Defender destroyed. Y-45 Defender springs to life. R-06 Scavenger collects Heat Sink. R-06 Scavenger collects Lgt. Armor Plating. R-06 Scavenger collects Lgt. Treads. Critical hit (Burn: +37). Map ----- +----------------------------------------------------+ | ?????????????????????????????????????????????????? | | ?????????????????????????????????????????????????? | | ?????????????????????????????????????????????????? | | ?????????????????????????????????????????????????? | | ?????????????????????????????????????????????????? | | ?????????????????????????????????????????????????? | | ?????????????????????????????????????????????????? | | ?????????????????????????????????????????????????? | | ?????????????????????????????????????????????????? | | ?????????????????????????????????????????????????? | | ?????????????????????????????????????????????????? | | ?????????????????????????????????????????????????? | | ?????????????????????????????????????????????????? | | ???????????????????????????????????????????#####?? | | ???????????????????????????????????????????#!!!### | | ????????????????????????####################!!!# # | | ???????????????????????? | | ???????????????????????? | | ????????????????????????# """"""" | | ????????????????????????# """"""" | | ????????????????????????# """"""" ####+##### | | ????????????????????????# """"""" #?# | | ?????????????????????##?# """"""" #?# "T" | | ??????????????##+#####%## #?# | | ??????????????# rr #?# """ "" | | ??????????????# @ """"""" #?# """ "" | | ??????????????# Y r """"""" #?# """ "" | | ??????????????# """"""" #?# | | ??????????????###T## #### """"""" #?# | | #??????????????????#????# """"""" #?######## | | #???????????????????????# ####?????? | | #???????????????????????# """#?????? | | #???????????????????????# """ Y"#?????? | | #???????????????????????# """ """#?????? | | #???????????????????????# """ ####?????? | | #???????#####???????????# #????????? | | #######?#"""#???????????# #????????? | | # ###"Y"############# #????????? | | # #????????? | | + T #????????? | | # #????????? | | # ######"Y"## ############# #######????????? | | #######????#"""## ! #???????????# #??????????????? | | #??????????##########???????????# #??????????????? | | #???????????????????????????????# #??????????????? | | #???????????????????????????????# #??????????????? | | #???????????????????????????????# #??????????????? | | #???????????????????????????????# #??????????????? | | #???????????????????????????????# ???????????????? | | #???????????????????????????????" ???????????????? | +----------------------------------------------------+ Best States ------------- Heat Dissipation 25 Energy Generation 15 Energy Capacity 250 Matter Stores 300 Matter Capacity 300 Sight Range 16 Terrain Scan Density 10 Armor Coverage 150 Evasion (%) 40 Targeting Accuracy 5 Recoil Reduction 2 Item Schematics ----------------- None Robot Schematics ------------------ None Fabricated ------------ Nothing Alien Tech Used ----------------- None Achievements -------------- None Challenges ------------ None Game ------ Seed FlakColdNetwork Manual? 0 Play Time 00:11:46 Cumulative 66.8 hours Start 2024.08.08 @ 16:44:52 End 2024.08.08 @ 16:55:36 Sessions 1 Manual Loads 0 Difficulty Rogue Special Mode None Game No. 155 Rogue 80 Adventurer 75 Explorer 0 Win Type - Total 0 Types 0/0/0/0/0/0/0/0/0 Lore% 34 Gallery% 41 Achievement% 34 Wizard Run 0 Options --------- Layout 0 ASCII 0 Keyboard 0 Movement Mouse Keybinds 0 Fullscreen 1 Font 24/Smallcaps Map View 76x50 Zoom Use 0% Tactical HUD 0 Map Filters NONE Filters NONE Steam 1 RUN: 58602ab1-7ec8-4b7a-a94d-9706d4f2edc5